 Dungeon Crawl Stone Soup version 0.16.0-17-g811c1d7 (webtiles) character file.

63 serseaman the Charmwright (level 4, 0/34 HPs)
             Began as a Merfolk Skald on Mar 20, 2015.
             Slain by a hobgoblin
             ... wielding a +0 club
              (3 damage)
             ... on level 2 of the Dungeon.
             The game lasted 00:22:22 (1804 turns).

serseaman the Charmwright (Merfolk Skald)           Turns: 1804, Time: 00:22:23

Health: 0/34       AC:  3    Str: 13    XL:     4   Next: 10%
Magic:  7/7        EV:  9    Int: 13    God:
Gold:   71         SH:  7    Dex: 11    Spells: 3 memorised, 1 level left

rFire  + . .     SeeInvis .     a - +0 spear
rCold  . . .     Clarity  .     (no armour)
rNeg   . . .     SustAb   .     n - +0 shield
rPois  .         Gourm    .     (no helmet)
rElec  .         Spirit   .     (no cloak)
rCorr  .         Warding  .     (no gloves)
rMut   .         Stasis   .     (no boots)
MR     .....                    (no amulet)
Stlth  +.........               l - +3 ring of protection
                                f - ring of protection from fire

@: not resistant to hostile enchantments, very unstealthy
A: change form in water, swift swim, clever 1, clumsy 1, deformed body
a: no special abilities


You were on level 2 of the Dungeon.
You were full.

You visited 1 branch of the dungeon, and saw 2 of its levels.

You collected 71 gold pieces.

Inventory:

Hand weapons
 a - a +0 spear (weapon)
Armour
 b - a +1 leather armour
 k - a +0 scale mail
 n - a +0 shield (worn)
Jewellery
 f - a ring of protection from fire (left hand)
 g - a cursed amulet of inaccuracy {unknown}
 l - a +3 ring of protection (right hand)
 o - an uncursed ring of positive energy {unknown}
 q - a cursed ring of teleportation {unknown}
Scrolls
 i - 2 scrolls of enchant armour
Potions
 e - a potion of curing {unknown}
 j - a potion of agility {unknown}
 p - a potion of haste {unknown}
Books
 c - a book of Battle

   Spells                             Type                      Level
   a - Infusion                       Charms                       1
   b - Shroud of Golubria             Charms/Translocation         2
   c - Song of Slaying                Charms                       2
   d - Spectral Weapon                Hexes/Charms                 3
   e - Regeneration                   Charms/Necromancy            3
Comestibles
 m - 3 fruits


   Skills:
 + Level 2.6 Fighting
 + Level 3.2 Polearms
 + Level 1.2 Armour
 + Level 2.6 Dodging
 + Level 0.6 Shields
 + Level 2.2 Spellcasting
 + Level 3.8 Charms


You had one spell level left.
You knew the following spells:

 Your Spells              Type           Power        Failure   Level  Hunger
a - Infusion              Chrm           ##....       38%         1    ##.....
b - Shroud of Golubria    Chrm/Tloc      #.........   95%         2    ###....
c - Regeneration          Chrm/Necr      #.........   99%         3    ####...


Dungeon Overview and Level Annotations

Branches:
Dungeon (2/15)

Altars:


Innate Abilities, Weirdness & Mutations

You revert to your normal form in water.
You are very nimble and swift while swimming.
Your mind is acute. (Int +2)
You are clumsy. (Dex -2)
Armour fits poorly on your strangely shaped body.


Message History

You hit the giant newt!
You kill the giant newt!
The bat barely misses you. The hobgoblin barely misses you.
The adder barely misses you. You block the bat's attack.
The bat hits you but does no damage. You block the hobgoblin's attack.
The adder barely misses you.
Eat which item? (? for menu, Esc to quit)
Okay, then.
Drink which item? (? for menu, Esc to quit)
It was a potion of mutation.
You feel extremely strange.
You feel weaker.
Your body twists and deforms.
You feel clever. The bat closely misses you. The adder closely misses you.
You block the hobgoblin's attack.
Drink which item? (? for menu, Esc to quit)
You feel extremely strange.
You feel clumsy.
You feel stronger. You block the bat's attack. The adder bites you.
* * * LOW HITPOINT WARNING * * *
The hobgoblin hits you with a club.
You die...

#().........#
#(#########.######
#.# #.......#....#
#.# #.......#....#
#.# #.......#....#
#.###...†...#....###
............#......#
....#.......# #....#
....###.....# #.@S.#
#...#
#.....###.g$.#######
#.###
#.###.†.....b.......
#.. #.
#####....#......
##.####. ######.####
........ . ###.### #
.#


You could see an adder, a hobgoblin and a bat.

Vanquished Creatures
  Robin (D:2)
  2 giant geckos (D:2)
  A ball python (D:1)
  4 bats
  A giant cockroach (D:1)
  17 goblins
  A hobgoblin (D:1)
  10 jackals
  6 kobolds
  2 giant newts
  A rat (D:1)
46 creatures vanquished.

Notes
Turn   | Place    | Note
--------------------------------------------------------------
     0 | D:1      | serseaman, the Merfolk Skald, began the quest for the Orb.
     0 | D:1      | Reached XP level 1. HP: 16/16 MP: 3/3
   271 | D:1      | Reached XP level 2. HP: 8/23 MP: 4/4
   661 | D:1      | Reached skill level 1 in Armour
  1454 | D:2      | Reached XP level 3. HP: 26/28 MP: 6/6
  1458 | D:2      | Learned a level 2 spell: Shroud of Golubria
  1559 | D:2      | Noticed Robin
  1568 | D:2      | Noticed a spatial vortex
  1602 | D:2      | Killed Robin
  1714 | D:2      | Reached XP level 4. HP: 24/34 MP: 7/7
  1742 | D:2      | Learned a level 3 spell: Regeneration
  1803 | D:2      | Gained mutation: You are weak. (Str -2) [potion of mutation]
  1803 | D:2      | Gained mutation: Armour fits poorly on your strangely shaped body. [potion of mutation]
  1803 | D:2      | Gained mutation: Your mind is acute. (Int +2) [potion of mutation]
  1804 | D:2      | Gained mutation: You are clumsy. (Dex -2) [potion of mutation]
  1804 | D:2      | Lost mutation: You are weak. (Str -2) [potion of mutation]
  1804 | D:2      | Slain by a hobgoblin

Action                   |  1- 3 |  4- 6 || total
-------------------------+-------+-------++-------
Melee: Spear             |   138 |    20 ||   158
 Cast: Infusion          |     4 |       ||     4
  Use: Scroll            |     5 |       ||     5
       Potion            |       |     2 ||     2
  Eat: Bread ration      |     2 |       ||     2
